 Dungeon Crawl Stone Soup version 0.24-a0-549-g45f0056d81 (webtiles) character file.

Game seed: 699334098336030502

42 Ijustatesigmund the Skirmisher (level 3, -1/40 HPs)
             Began as an Ogre Fighter on Aug 20, 2019.
             Slain by Natasha (6 damage)
             ... on level 2 of the Dungeon.
             The game lasted 00:01:37 (1035 turns).

Ijustatesigmund the Skirmisher (Ogre Fighter)       Turns: 1035, Time: 00:01:37

Health: -1/40      AC:  3    Str: 25    XL:     3   Next: 54%
Magic:  3/3        EV:  8    Int:  9    God:
Gold:   54         SH:  8    Dex:  9    Spells: 2/2 levels left

rFire    . . .     SeeInvis .   a - +0 flail
rCold    . . .     Gourm    .   c - +0 shield
rNeg     . . .     Faith    .   b - +0 robe
rPois    .         Spirit   .   (helmet restricted)
rElec    .         Reflect  .   (no cloak)
rCorr    .         Harm     .   (gloves unavailable)
MR       .....                  (boots unavailable)
Stlth    +.........             (no amulet)
HPRegen  0.13/turn              (no ring)
MPRegen  0.08/turn              (no ring)

@: mighty
A: large, unfitting armour, tough skin 1
a: no special abilities


You were on level 2 of the Dungeon.
You were not hungry.

You visited 1 branch of the dungeon, and saw 2 of its levels.

You collected 54 gold pieces.

Inventory:

Hand Weapons
 a - a +0 flail (weapon)
Armour
 b - a +0 robe (worn)
 c - a +0 shield (worn)
Scrolls
 e - 2 scrolls of identify
 g - a scroll of immolation
 i - a scroll of magic mapping {unknown}
 j - a scroll of amnesia {unknown}
 l - a scroll of remove curse {unknown}
Potions
 h - a potion of cancellation
Comestibles
 f - 2 rations


   Skills:
 + Level 4.6 Fighting
 * Level 3.0 Maces & Flails
 - Level 2.6 Dodging
 - Level 2.6 Shields


You had 2 spell levels left.
You didn't know any spells.
Your spell library was empty.

Dungeon Overview and Level Annotations

Branches:
Dungeon (2/15)

Altars:

Annotations:
D:2 Natasha


Innate Abilities, Weirdness & Mutations

You are too large for most types of armour.
You have tough skin. (AC +1)


Message History

You completely miss Natasha.
Natasha hisses.
Natasha stares at you and mumbles some strange words.
The magic dart hits you!
You hit Natasha.
Natasha is moderately wounded.
Natasha claws you.
* * * LOW HITPOINT WARNING * * *
Natasha claws you but does no damage.
All of the chunks of flesh in your inventory have rotted away.
You barely miss Natasha.
Natasha is moderately wounded.
You block Natasha's attack.
You hit Natasha.
Natasha is moderately wounded.
Natasha claws you.
* * * LOW HITPOINT WARNING * * *
You feel very mighty all of a sudden. Natasha claws you.
You die...

........#.##.#.#
###..###.#.##.#.##
........).†......
##..###.#†##.#.## #.
#......#.##.#.## #.
#......#........
...##.###......#......##
......................#
#.#@#.............#
#.#h#......#......#
...#.#.#.#.............#
............###........#
##.#.#.###..###....#.#.#
................#.#
#.#####..####...#.####
.......................
#................##.####


You could see Natasha.

Vanquished Creatures
  3 dart slugs
  A leopard gecko (D:1)
  4 giant cockroaches
  8 goblins
  2 hobgoblins (D:1)
  3 bats (D:1)
  2 frilled lizards (D:1)
  4 kobolds (D:1)
  7 rats
34 creatures vanquished.

Notes
Turn   | Place    | Note
-------+----------+-------------------------------------------
     0 | D:1      | Ijustatesigmund the Ogre Fighter began the quest for the
                  | Orb.
     0 | D:1      | Reached XP level 1. HP: 24/24 MP: 1/1
   167 | D:1      | Reached XP level 2. HP: 30/32 MP: 2/2
   389 | D:1      | Reached XP level 3. HP: 40/40 MP: 3/3
   945 | D:2      | Found a faded altar of an unknown god.
  1022 | D:2      | Noticed Natasha
  1035 | D:2      | Slain by Natasha

Levels and vault maps discovered:
D:1:      matt_arrival_los_fun, layout_basic, minmay_tripent
D:2:      layout_basic, minitemple, chequers_ecumenical_altar_twisty,
          uniq_natasha, uniq_terence, uniq_robin

Skill      XL: |  1  2  3 |
---------------+----------+-----
Maces & Flails | 2 3 |  3.0
Fighting       | |  4.6
Dodging        | |  2.6
Shields        | |  2.6

Action                   || total
-------------------------++-------
Melee: Flail             ||   122
  Use: Scroll            ||     2
       Potion            ||     1
 Stab: Sleeping          ||     1
  Eat: Chunk             ||     1
Armor: Robe              ||    32
Dodge: Dodged            ||    40
Block: Shield            ||    51

Table legend:
 A = Non-vault XP
 B = Vault XP
 C = Vault XP percentage of total XP
 D = Non-vault monster count
 E = Vault monster count
 F = Vault count percentage of total count
                 A         B        C        D         E       F
            +---------+---------+-------+---------+---------+-------
      Total |      55 |       5 |   8.3 |      32 |       2 |   5.9
            +---------+---------+-------+---------+---------+-------
        D:1 |      46 |       5 |   9.8 |      28 |       2 |   6.7
        D:2 |       9 |       0 |   0.0 |       4 |       0 |   0.0
            +---------+---------+-------+---------+---------+-------
